 Dungeon Crawl Stone Soup version 0.30.1-11-g7821555f0a (webtiles) character file.

Game seed: 5735482828335001929

35 andronian the Poker (level 3, -2/30 HPs)
             Began as a Merfolk Fighter on Nov 30, 2023.
             Killed from afar by Natasha (5 damage)
             ... with a magic dart
             ... on level 2 of the Dungeon.
             The game lasted 00:01:24 (1000 turns).

andronian the Poker (Merfolk Fighter)               Turns: 1000, Time: 00:01:25

Health: -2/30      AC:  5    Str: 18    XL:     3   Next: 35%
Magic:  3/3        EV: 10    Int:  7    God:
Gold:   49         SH:  4    Dex: 13    Spells: 2/2 levels left

rFire   . . .        a - +0 trident
rCold   . . .        c - +0 buckler
rNeg    . . .        k - +0 ring mail {rPois}
rPois   +            (no helmet)
rElec   .            (no cloak)
rCorr   .            (no gloves)
SInv    .            (no boots)
Will    .....        (no amulet)
Stlth   +            (no ring)
HPRegen 0.25/turn    (no ring)
MPRegen 0.08/turn

%: no passive effects
@: mighty
A: (nimble swimmer 2), mertail
a: no special abilities


You were on level 2 of the Dungeon.
You visited 1 branch of the dungeon, and saw 2 of its levels.

You collected 49 gold pieces.

Inventory:

Hand Weapons
 a - a +0 trident (weapon)
Missiles
 i - 4 poisoned darts (quivered)
Armour
 b - a +0 scale mail
 c - a +0 buckler (worn)
 e - a +0 plate armour
 k - a +0 ring mail of poison resistance (worn)
Scrolls
 g - a scroll of teleportation {unknown}
 h - a scroll of vulnerability {unknown}
 j - a scroll of identify {unknown}
Potions
 f - 2 potions of curing {unknown}
 l - a potion of brilliance {unknown}


   Skills:
 + Level 3.8 Fighting
 * Level 4.3 Polearms
 + Level 2.1 Armour
 - Level 3.0 Shields


You had 2 spell levels left.
You didn't know any spells.
Your spell library contained the following spells:

 Spells                   Type           Power      Damage    Failure   Level
 Ensorcelled Hibernation  Hex/Ice        0%         N/A       83%         2
 Passwall                 Tmut/Erth      0%         N/A       83%         2
 Swiftness                Air            0%         N/A       97%         3


Dungeon Overview and Level Annotations

Branches:
Dungeon (2/15)

Altars:

Annotations:
D:2 Natasha


Innate Abilities, Weirdness & Mutations

((You are very nimble when in or above water. (Stealth+, EV+, Speed+++)))
Your lower body shifts to a powerful aquatic tail in water.


Message History

The giant cockroach bites you but does no damage.
You barely miss Natasha.
Natasha is severely wounded.
Natasha claws you.
The hobgoblin hits you but does no damage.
The giant cockroach barely misses you. The cerulean imp barely misses you.
You barely miss Natasha.
Natasha is severely wounded.
Natasha stares at you and mumbles some strange words.
The magic dart hits you.
* * * LOW HITPOINT WARNING * * *
You block the giant cockroach's attack. The hobgoblin closely misses you.
The cerulean imp closely misses you. Natasha claws you but does no damage.
You closely miss Natasha.
Natasha is severely wounded.
The giant cockroach bites you but does no damage.
You block the hobgoblin's attack. The cerulean imp barely misses you.
You block the giant cockroach's attack.
Natasha mumbles some strange words.
You closely miss Natasha.
Natasha is severely wounded.
The hobgoblin barely misses you.
The cerulean imp hits you from afar with a +1 spear.
* * * LOW HITPOINT WARNING * * *
The giant cockroach barely misses you. Natasha claws you but does no damage.
You feel very mighty all of a sudden. The hobgoblin hits you.
* * * LOW HITPOINT WARNING * * *
The cerulean imp hits you from afar with a +1 spear.
* * * LOW HITPOINT WARNING * * *
The giant cockroach closely misses you.
Natasha mumbles some strange words.
You closely miss Natasha.
Natasha is severely wounded.
The giant cockroach bites you but does no damage.
The hobgoblin barely misses you. You block the cerulean imp's attack.
The cerulean imp barely misses you.
Natasha stares at you and mumbles some strange words.
The magic dart hits you.
You die...

##### .....
.....###+####+###
................#+##+###
........................
........................
........##..............
....5.B@#####...........
.....5hg# #...........
....<5..# #...........
........#####.###.##+###
........+.....# #.##.#
........#########..#.###
......!.# #...........
........# #.####.#.###
........


You could see Natasha, 3 cerulean imps, a giant cockroach and a hobgoblin.

Vanquished Creatures
  A dart slug (D:1)
  4 ball pythons (D:1)
  4 endoplasms (D:1)
  A giant cockroach (D:1)
  2 goblins (D:1)
  4 hobgoblins (D:1)
  2 quokkas (D:1)
  4 bats (D:1)
  3 frilled lizards (D:1)
  2 kobolds (D:1)
  4 rats (D:1)
31 creatures vanquished.

Notes
Turn   | Place    | Note
-------+----------+-------------------------------------------
     0 | D:1      | andronian the Merfolk Fighter began the quest for the Orb.
     0 | D:1      | Reached XP level 1. HP: 18/18 MP: 1/1
    37 | D:1      | Reached skill level 3 in Polearms
    81 | D:1      | Reached XP level 2. HP: 24/24 MP: 2/2
   454 | D:1      | Reached skill level 4 in Polearms
   507 | D:1      | Reached XP level 3. HP: 30/30 MP: 3/3
   979 | D:2      | Noticed Natasha
  1000 | D:2      | Killed from afar by Natasha

Illustrated notes

Levels and vault maps discovered:
D:1:      minmay_arrival_nine_rooms, layout_loops_corners, minmay_tromino_v4_c
D:2:      layout_basic, corexii_corridor_pit, uniq_robin, uniq_natasha

Skill      XL: |  1  2 |
---------------+-------+-----
Polearms       | 3 4 |  4.3
Fighting       | |  3.8
Armour         | |  2.1
Shields        | |  3.0

Action                     || total
---------------------------++-------
  Melee: Trident           ||    96
    Use: Potion            ||     1
 Armour: Scale mail        ||    17
         Ring mail         ||    15
  Dodge: Dodged            ||    48
  Block: Buckler           ||    28
